 Dungeon Crawl Stone Soup version 0.31-a0-981-geadf994542 (webtiles) character file.

Game seed: 6670732316085682023

3087 lunkers the Grappler (level 10, -6/72 HPs)
             Began as a Meteoran Shapeshifter on Oct 31, 2023.
             Was a Follower of Makhleb.
             Mangled by a wyvern (8 damage)
             ... on level 9 of the Dungeon on Nov 1, 2023.
             The game lasted 00:08:18 (3093 turns).

lunkers the Grappler (Meteoran Shapeshifter)        Turns: 3093, Time: 00:08:19

Health: -6/72      AC:  5    Str: 19    XL:     10   Next: 34%
Magic:  11/11      EV: 11    Int: 11    God:    Makhleb [*.....]
Gold:   258        SH:  0    Dex: 16    Spells: 9/9 levels left

rFire   . .          .
                       - Unarmed
rCold   . . .        (no shield)
rNeg    . . .        m - +0 ring mail
rPois   .            (helmet currently unavailable)
rElec   .            (cloak currently unavailable)
rCorr   .            (gloves currently unavailable)
SInv    .            (boots currently unavailable)
Will    +....        k - amulet of regeneration
Stlth   +            (no ring)
HPRegen 1.12/turn    (no ring)
MPRegen 0.12/turn

%: no passive effects
@: beast-form, glowing
A: beast (slay +4), sense surroundings 2, otherworldly, glowing, explore regen
a: Begin Untransformation, Renounce Religion


You were on level 9 of the Dungeon.
You worshipped Makhleb.
Makhleb was aware of your devotion.
You were a hulking beast.
You visited 2 branches of the dungeon, and saw 10 of its levels.

You collected 258 gold pieces.

Inventory:

Armour
 a - a +0 animal skin
 l - a +0 cloak
 m - a +0 ring mail (worn)
 r - a +0 pair of gloves
Jewellery
 k - an amulet of regeneration (around neck)
 q - an amulet of guardian spirit
Talismans
 c - a beast talisman
 d - a flux talisman
Wands
 i - a wand of polymorph (4)
 v - a wand of digging (2)
Scrolls
 b - a scroll of identify
 f - 2 scrolls of enchant weapon
 j - 2 scrolls of teleportation
 o - a scroll of blinking {unknown}
 x - a scroll of fog {unknown}
Potions
 e - a potion of resistance {unknown}
 g - 2 potions of heal wounds
 n - a potion of magic {unknown}
 p - a potion of haste
 s - 2 potions of cancellation {unknown}
 t - a potion of degeneration {unknown}
 u - a potion of might {unknown}
 w - a potion of berserk rage {unknown}


   Skills:
 + Level 1.6 Fighting
 + Level 2.5 Dodging
 * Level 13.2 Unarmed Combat
 + Level 1.2 Invocations
 + Level 9.2 Shapeshifting


You had 9 spell levels left.
You didn't know any spells.
Your spell library contained the following spells:

 Spells                   Type           Power      Damage    Failure   Level
 Slow                     Hex            0%         N/A       52%         1
 Cigotuvi's Dreadful Rot  Necr/Pois/Air  0%         N/A       67%         2
 Lesser Beckoning         Tloc           0%         N/A       67%         2
 Sublimation of Blood     Necr           0%         N/A       67%         2
 Wereblood                Tmut           0%         N/A       67%         2
 Confusing Touch          Hex            0%         N/A       88%         3
 Gell's Gravitas          Tloc           0%         N/A       88%         3
 Ignite Poison            Fire/Tmut/Pois 0%         N/A       88%         3
 Sigil of Binding         Hex            0%         N/A       88%         3
 Teleport Other           Tloc           0%         N/A       88%         3
 Vampiric Draining        Necr           0%         2d6       88%         3
 Freezing Cloud           Conj/Ice/Air   0%         6-21      100%        5
 Malign Gateway           Summ/Tloc      0%         N/A       100%        7
 Summon Hydra             Summ           0%         N/A       100%        7
 Summon Horrible Things   Summ           0%         N/A       100%        8


Dungeon Overview and Level Annotations

Branches:
Dungeon (9/15) Zot: 2422   Temple (1/1) D:6 Zot: 523
   Lair: D:8-11         Orc: D:9-12

Altars:
Ashenzari
Cheibriados
Dithmenos
Elyvilon
Fedhas
Gozag
Hepliaklqana
Kikubaaqudgha
Makhleb
Okawaru
Qazlal
Sif Muna
Trog
Uskayaw
Vehumet
Wu Jian
Xom
Yredelemnul
Zin
The Shining One

Shops:
D:7 *


Innate Abilities, Weirdness & Mutations

You are a hulking beast.
Your limbs bulge with bestial killing power. (Slay +4)
You passively map the area around you.
You are easily found by Zot.
You glow in the dark.
You regain HP and MP as you explore.


Message History

The killer bee stings you.
Your Invocations skill increases to level 1!
You barely miss the killer bee. The killer bee barely misses you.
The killer bee completely misses you. x2
You closely miss the killer bee. Your punch misses the killer bee.
The killer bee barely misses you. The killer bee stings you.
You are poisoned.
The killer bee poisons you! The killer bee stings you!
You closely miss the killer bee.
You feel sick.
The killer bee stings you but does no damage.
The killer bee stings you. x2
You pummel the killer bee!!
You kill the killer bee!
Makhleb accepts your kill.
You feel sick. The killer bee closely misses you.
The killer bee barely misses you. The wyvern bites you!
* * * LOW HITPOINT WARNING * * *
You hit the wyvern but do no damage. The killer bee barely misses you.
The wyvern bites you!!
* * * LOW HITPOINT WARNING * * *
You barely miss the killer bee.
You feel sick. The killer bee stings you.
* * * LOW HITPOINT WARNING * * *
You are more poisoned.
The killer bee poisons you! The wyvern bites you.
* * * LOW HITPOINT WARNING * * *
The killer bee stings you.
* * * LOW HITPOINT WARNING * * *
You are more poisoned.
The killer bee poisons you!
You feel much better.
You feel very sick. The killer bee stings you.
* * * LOW HITPOINT WARNING * * *
The wyvern bites you!
* * * LOW HITPOINT WARNING * * *
The killer bee closely misses you.
You feel better. The wyvern bites you!
* * * LOW HITPOINT WARNING * * *
The killer bee closely misses you. The wyvern bites you!
You die...

### #..........##.......# ,
..####.........## #.....# *
, #.............## #.....*
#.............#####..## * ,
##..................## *, ,
#..................####..
##......................[.
,,
##.............†l#........
#..........##..hy.........
,
...#####..########.........
* ### ##.# ##........ * #.#
#........ #.# ##......$ ,
##†### ##...... , #....###
##....#.. , #.#....###....#
,, , ** *#..####YYY.Y.# * ,
,


You could see a wyvern and a killer bee.

Vanquished Creatures
  Pikel (D:7)
  A wraith (D:9)
  A shadow (D:9)
  6 yaks (D:9)
  2 water moccasins
  2 black bears (D:7)
  A sky beast (D:7)
  A centaur (D:8)
  A phantom (D:7)
  3 lemures (D:7)
  4 scorpions
  3 wights (D:7)
  2 killer bees (D:9)
  A howler monkey (D:5)
  2 hounds
  An orc priest (D:8)
  A sleepcap (D:6)
  Jessica (D:2)
  An iguana (D:7)
  2 orc wizards (D:8)
  5 adders
  A white imp (D:8)
  2 ufetubi (D:6)
  3 worms
  A dart slug (D:2)
  3 orcs
  2 ball pythons
  An endoplasm (D:3)
  2 giant cockroaches
  4 goblins
  3 hobgoblins
  4 quokkas
  3 bats
  3 frilled lizards
  2 kobolds
  4 rats
80 creatures vanquished.

Notes
Turn   | Place    | Note
-------+----------+-------------------------------------------
     0 | D:1      | lunkers the Meteoran Shapeshifter began the quest for the
                  | Orb.
     0 | D:1      | Reached XP level 1. HP: 16/16 MP: 2/2
   286 | D:1      | Reached XP level 2. HP: 23/23 MP: 3/3
   375 | D:1      | Reached skill level 4 in Unarmed Combat
   500 | D:1      | Glimpsed the power of Zot.
   691 | D:2      | Reached XP level 3. HP: 11/28 MP: 4/4
   876 | D:2      | Reached XP level 4. HP: 18/35 MP: 5/5
   969 | D:2      | Reached skill level 5 in Unarmed Combat
   997 | D:2      | Noticed Jessica
  1003 | D:2      | Killed Jessica
  1008 | D:2      | Reached XP level 5. HP: 40/40 MP: 6/6
  1102 | D:2      | Glimpsed the power of Zot.
  1146 | D:3      | Found an iron altar of Okawaru.
  1338 | D:3      | Found a shimmering blue altar of Sif Muna.
  1568 | D:4      | Found an ancient bone altar of Kikubaaqudgha.
  1605 | D:4      | Reached skill level 6 in Unarmed Combat
  1605 | D:4      | Reached XP level 6. HP: 41/47 MP: 7/7
  1619 | D:5      | Entered Level 5 of the Dungeon
  1660 | D:5      | Found a radiant altar of Vehumet.
  1718 | D:5      | Reached skill level 5 in Shapeshifting
  1831 | D:6      | Reached skill level 7 in Unarmed Combat
  1956 | D:6      | Reached XP level 7. HP: 52/52 MP: 8/8
  2025 | D:6      | Found a staircase to the Ecumenical Temple.
  2048 | Temple   | Entered the Ecumenical Temple
  2071 | Temple   | Became a worshipper of Makhleb the Destroyer
  2138 | D:7      | Noticed Pikel
  2185 | D:7      | Killed Pikel
  2186 | D:7      | Reached skill level 9 in Unarmed Combat
  2186 | D:7      | Reached XP level 8. HP: 21/59 MP: 9/9
  2192 | D:7      | Found a bloodstained altar of Trog.
  2204 | D:7      | Found Cisofot's Mail-Order Catalogue.
  2239 | D:7      | Reached skill level 10 in Unarmed Combat
  2338 | D:7      | Gained mutation: You passively map the area around you.
                  | [Meteoran growth]
  2338 | D:7      | Reached XP level 9. HP: 59/64 MP: 10/10
  2445 | D:7      | Reached skill level 11 in Unarmed Combat
  2475 | D:7      | Noticed a +0 dagger
  2475 | D:7      | Noticed a +0 falchion
  2492 | D:7      | Noticed a +0 short sword
  2497 | D:7      | Found a hide-covered altar of Uskayaw.
  2497 | D:7      | Noticed a +0 short sword
  2497 | D:7      | Noticed a +0 spear
  2499 | D:7      | Noticed a +0 dagger
  2563 | D:8      | Found an ornate altar of the Wu Jian Council.
  2923 | D:9      | Reached skill level 12 in Unarmed Combat
  2936 | D:9      | Reached XP level 10. HP: 12/71 MP: 11/11
  2940 | D:9      | Reached * piety under Makhleb
  2979 | D:9      | Reached skill level 13 in Unarmed Combat
  3086 | D:9      | Reached skill level 1 in Invocations
  3093 | D:9      | HP: 2/72 [wyvern (15)]
  3093 | D:9      | Mangled by a wyvern

Illustrated notes

Levels and vault maps discovered:
D:1:      matt_arrival_spirals, layout_basic, serial_rivers,
          chequers_serial_rivers_micro_e, chequers_serial_rivers_small_b,
          chequers_serial_rivers_micro_e, chequers_serial_rivers_micro_e,
          chequers_serial_rivers_room_a, chequers_serial_rivers_micro_a,
          minivault_24
D:2:      layout_loops_ring, wad_floor_pattern_1, uniq_crazy_yiuf_cottage,
          uniq_jessica
D:3:      layout_basic, nicolae_overflow_hidden_temple, okawaru_metal_pillars_3
D:4:      layout_loops_ring, lemuel_doored_altar,
          mainiacjoe_overflow_concentric_impassable, minmay_stone_trees_small,
          nrook_mini_backslash, st_stairs_3
D:5:      layout_loops_cross, vehumet_crystals, nemelex_diamond_rough_becter
D:6:      layout_gridville, temple_fountains, minmay_misc_feat_enclosed,
          kennysheep_generic_room_3
D:7:      minmay_slanted_spiral_squares, layout_loops_cross,
          nicolae_uskayaw_en_pointe, mainiacjoe_overflow_catwalk,
          monkooky_shop_mail_order, uniq_maggie, uniq_prince_ribbit1,
          uniq_pikel, uniq_menkaure
D:8:      layout_loops_cross, nicolae_wu_jian_glorious_leap, nrook_loot_triangle
D:9:      layout_layer_cave
Temple:   dshaligram_water_room_temple

Skill      XL: |  1  2  3  4  5  6  7  8  9 10 |
---------------+-------------------------------+-----
Unarmed Combat | 4 5 6 7 9 10 12 13 | 13.2
Shapeshifting  | 4 5 6 7 8 9 |  9.2
Invocations    | 1 |  1.2
Fighting       | |  1.6
Dodging        | |  2.5

Action                     |  1- 3 |  4- 6 |  7- 9 | 10-12 || total
---------------------------+-------+-------+-------+-------++-------
  Melee: Unarmed           |    62 |    83 |   141 |    30 ||   316
         Punch             |       |     5 |     6 |     2 ||    13
    Use: Scroll            |       |       |     9 |       ||     9
         Potion            |       |       |     1 |     2 ||     3
 Armour: Animal skin       |    23 |       |       |       ||    23
         Ring mail         |    22 |    44 |    72 |    26 ||   164
         Skin              |       |       |     9 |     5 ||    14
  Dodge: Dodged            |    37 |    43 |    52 |    14 ||   146

Table legend: (Time is in decaauts)
 A = Elapsed time spent in this place.
 B = Non-inter-level travel time spent in this place.
 C = Inter-level travel time spent in this place.
 D = Time resting spent in this place.
 E = Time spent auto-exploring this place.
 F = Levels seen in this place.
 G = Mean time per level.
                   A        B        C        D        E       F      G
               +--------+--------+--------+--------+--------+-----+--------+
         Total |   3053 |   2882 |    171 |     52 |   2134 |  10 |  305.3 |
       Dungeon |   2976 |   2839 |    137 |     26 |   2134 |   9 |  330.7 |
        Temple |     76 |     42 |     34 |     26 |      0 |   1 |   76.0 |
               +--------+--------+--------+--------+--------+-----+--------+

Top non-repeatable levels by time:
     D:2: 629 daAuts
     D:1: 511 daAuts
     D:8: 381 daAuts
     D:7: 355 daAuts
     D:3: 300 daAuts
     D:6: 234 daAuts
     D:5: 201 daAuts
     D:9: 189 daAuts
     D:4: 171 daAuts
  Temple: 76 daAuts
